 Dungeon Crawl Stone Soup version 0.18-a0-1539-g1c7284a (webtiles) character file.

742 M4edhros the Covert (level 7, -2/43 HPs)
             Began as an Octopode Artificer on Mar 9, 2016.
             Slain by an ice beast (11 damage)
             ... on level 5 of the Dungeon.
             The game lasted 00:08:35 (14167 turns).

M4edhros the Covert (Octopode Artificer)           Turns: 14167, Time: 00:08:35

Health: -2/43      AC: 10    Str: 10    XL:     7   Next: 76%
Magic:  9/9        EV: 12    Int: 14    God:    Xom [......]
Gold:   2250       SH:  0    Dex: 12    Spells: 1 memorised, 3 levels left

rFire  . . .     SeeInvis .     B - +0 trident (protect) (curse)
rCold  . . .     Gourm    .     (no shield)
rNeg   . . .     Faith    .     (helmet restricted)
rPois  .         Spirit   .     (no amulet)
rElec  .         Dismiss  .     (no ring)
rCorr  .         Reflect  .     (no ring)
SustAt .         Harm     .     (no ring)
MR     .....                    (no ring)
Stlth  ++++++....               (no ring)
                                (no ring)
                                (no ring)
                                (no ring)

@: not resistant to hostile enchantments, very stealthy
A: almost no armour, amphibious, 8 rings, constrict 8, rough black scales 1,
camouflage 1, clumsy 1, gelatinous body 1
a: Renounce Religion


You were on level 5 of the Dungeon.
You worshipped Xom.
You were a very special plaything of Xom.
You were not hungry.

You visited 2 branches of the dungeon, and saw 6 of its levels.

You collected 2250 gold pieces.

Inventory:

Hand Weapons
 B - a cursed +0 trident of protection (weapon)
Missiles
 g - 27 sling bullets
 n - 90 stones (quivered)
 r - 5 poisoned javelins
Magical Staves
 m - an uncursed staff of energy
Wands
 b - a wand of flame (0/48)
 c - a wand of enslavement (15/24)
 d - a wand of random effects (13/48)
 x - a wand of flame (24/48)
 A - a wand of flame (0/48)
 D - a wand of digging (14/24)
Scrolls
 a - 4 scrolls of identify {unknown}
 i - a scroll of amnesia {unknown}
 j - 2 scrolls of immolation {unknown}
 q - a scroll of random uselessness {unknown}
 s - a scroll of enchant weapon {unknown}
 t - a scroll of enchant armour {unknown}
 v - a scroll of recharging {unknown}
 w - a scroll of blinking {unknown}
 y - a scroll of magic mapping {unknown}
 z - 4 scrolls of remove curse {unknown}
Potions
 e - 8 potions of curing {unknown}
 h - a potion of degeneration {unknown}
 k - a potion of brilliance {unknown}
 l - a potion of magic {unknown}
 o - 2 potions of might {unknown}
Books
 p - a book of Envenomations

   Spells                             Type                      Level
   a - Spider Form                    Transmutation/Poison         3
   b - Olgreb's Toxic Radiance        Poison                       4
   c - Alistair's Intoxication        Transmutation/Poison         5
   d - Poisonous Cloud                Conjuration/Poison/Air       6
 u - a book of Maledictions

   Spells                             Type                      Level
   a - Corona                         Hexes                        1
   b - Ensorcelled Hibernation        Hexes/Ice                    2
   c - Confuse                        Hexes                        3
   d - Tukima's Dance                 Hexes                        3
   e - Dazzling Spray                 Conjuration/Hexes            3
Comestibles
 f - 2 chunks of flesh


   Skills:
 - Level 1.0 Fighting
   Level 1.0 Short Blades
 + Level 2.4 Polearms
 - Level 2.0 Dodging
 * Level 9.1 Stealth
 - Level 1.0 Unarmed Combat
 + Level 2.7 Transmutations
 + Level 3.5 Poison Magic
 - Level 3.2 Evocations


You had 3 spell levels left.
You knew the following spells:

 Your Spells              Type           Power        Failure   Level  Hunger
a - Spider Form           Trmt/Pois      #.........   24%         3    ####...


Dungeon Overview and Level Annotations

Branches:
Dungeon (5/15)             Temple (1/1) D:5

Altars:
Elyvilon
Fedhas
Gozag
Makhleb
Nemelex Xobeh
Okawaru
Vehumet
Xom
Zin
The Shining One


Innate Abilities, Weirdness & Mutations

You cannot wear most types of armour.
You are amphibious.
You can wear up to eight rings at the same time.
You can use your tentacles to constrict eight enemies at once.
Your skin changes colour to match your surroundings (Stealth).
Your rubbery body absorbs attacks (AC +1).
You are partially covered in rough black scales (AC +4, Dex -1).
You are clumsy. (Dex -2)


Message History

Press: ? - help, Shift-Dir - straight line, f/p - ice beast
Aim: an ice beast (almost dead)
The puff of flame misses the ice beast.
This wand has 2 charges left.
The ice beast misses you.
Evoke which item? (* to show all) (? for menu, Esc to quit)
Zapping:
b - a wand of flame (2/48)
Press: ? - help, Shift-Dir - straight line, f/p - ice beast
Aim: an ice beast (severely wounded)
The puff of flame misses the ice beast.
This wand has 1 charge left.
The ice beast hits you. The ice beast freezes you!
Evoke which item? (* to show all) (? for menu, Esc to quit)
Zapping:
b - a wand of flame (1/48)
Press: ? - help, Shift-Dir - straight line, f/p - ice beast
Aim: an ice beast (severely wounded)
The puff of flame hits the ice beast.
The ice beast is almost dead.
This wand has 0 charges left.
The ice beast hits you.
* * * LOW HITPOINT WARNING * * *
The ice beast freezes you!
You die...

.........# .(. .........#
... #. #.......# ... #.
#.......####.. #.
#...........# #.
#?..........# . #.
#...........# .. #.
#(!.@Y......# .# #.
#.......#'###..## #.
.#####.......#........ #.
.............#........ #.
.............#'##### #.
o...........[......# #.
o..................# #.
...................# #.
##'###'#####......######.


You could see an ice beast.

Vanquished Creatures
  An ice beast (D:5)
  An ogre (D:5)
  A necrophage (D:5)
  A centaur (D:5)
  A water moccasin skeleton (D:5)
  2 howler monkeys (D:4)
  2 crimson imps
  2 orc wizards (D:5)
  Jessica (D:2)
  Terence (D:2)
  5 adders
  An ooze (D:1)
  2 dart slugs
  3 giant geckos
  8 orcs
  A bat (D:2)
  3 giant cockroaches
  3 goblins
  2 hobgoblins
  6 kobolds
  2 giant newts (D:2)
  3 rats (D:2)
52 creatures vanquished.

Notes
Turn   | Place    | Note
--------------------------------------------------------------
     0 | D:1      | M4edhros the Octopode Artificer began the quest for the Orb.
     0 | D:1      | Reached XP level 1. HP: 13/13 MP: 3/3
    57 | D:1      | Reached skill level 2 in Stealth
   114 | D:1      | Reached XP level 2. HP: 13/18 MP: 4/4
   182 | D:1      | Reached skill level 3 in Stealth
   634 | D:2      | Reached skill level 4 in Stealth
   634 | D:2      | Reached XP level 3. HP: 19/23 MP: 5/5
   740 | D:2      | Noticed Jessica
   748 | D:2      | Killed Jessica
   748 | D:2      | Reached skill level 5 in Stealth
   759 | D:2      | Reached XP level 4. HP: 28/28 MP: 6/6
   964 | D:2      | Noticed Terence
   982 | D:2      | Killed Terence
   982 | D:2      | Reached skill level 6 in Stealth
  1402 | D:3      | Learned a level 3 spell: Spider Form
  1654 | D:4      | Found a white marble altar of Elyvilon.
  1800 | D:4      | Reached XP level 5. HP: 29/33 MP: 7/7
  1829 | D:4      | Reached skill level 7 in Stealth
  1854 | D:4      | Found a radiant altar of Vehumet.
  2038 | D:4      | Found a burning altar of Makhleb.
  2038 | D:4      | Found a radiant altar of Vehumet.
  2044 | D:4      | Reached skill level 1 in Poison Magic
  2076 | D:4      | Reached skill level 1 in Transmutations
  2080 | D:4      | Reached skill level 1 in Unarmed Combat
  2431 | D:5      | Entered Level 5 of the Dungeon
  2462 | D:5      | Reached XP level 6. HP: 33/38 MP: 8/8
  2466 | D:5      | Reached skill level 1 in Polearms
  2592 | D:5      | Found a glowing golden altar of the Shining One.
  2642 | D:5      | Reached skill level 8 in Stealth
  2645 | D:5      | Noticed a necrophage
  2654 | D:4      | Reached XP level 7. HP: 36/43 MP: 9/9
  2745 | D:5      | Found a staircase to the Ecumenical Temple.
  2754 | Temple   | Entered the Ecumenical Temple
  2865 | Temple   | Became a worshipper of Xom of Chaos
  3229 | Temple   | XOM: divination: detect creatures
  4140 | Temple   | XOM: colour smoke trail
  4594 | Temple   | XOM: god gift: 2080 gold pieces
  4688 | Temple   | XOM is BORED!
  4688 | Temple   | XOM: mild Ice miscast
  4699 | Temple   | XOM: medium Chrm miscast
  4759 | Temple   | XOM: give mutation
  4759 | Temple   | Gained mutation: You can translocate small distances at will. [Xom's grace]
  4923 | Temple   | XOM: vitrification
  5553 | Temple   | XOM: god gift: twisted runed staff {god gift}
  5667 | Temple   | XOM: god gift: ring mail {god gift}
  5708 | Temple   | XOM: god gift: 2 yellow potions
  5952 | Temple   | XOM: vitrification
  6542 | Temple   | XOM: god gift: 5 poisoned javelins
  6781 | Temple   | XOM is BORED!
  6781 | Temple   | XOM: severe Trmt miscast
  8839 | Temple   | XOM: 5-stop teleportation journey
  8962 | Temple   | XOM: colour smoke trail
  8967 | Temple   | XOM: mild Air miscast
  9450 | Temple   | XOM: 2-stop teleportation journey
  9465 | Temple   | XOM: noise
  9940 | Temple   | XOM: summons 2 hostile demons
 10050 | D:5      | Reached skill level 9 in Stealth
 10439 | Temple   | XOM: 6-stop teleportation journey
 10848 | Temple   | XOM: harmless Ice miscast
 10857 | Temple   | XOM: medium Chrm miscast
 12299 | Temple   | XOM: 3-stop teleportation journey
 12348 | Temple   | XOM: medium Chrm miscast
 12506 | Temple   | XOM: mild Ice miscast
 13042 | Temple   | XOM: give mutation
 13042 | Temple   | Gained mutation: You are weak. (Str -2) [Xom's mischief]
 13260 | Temple   | XOM: give mutations
 13260 | Temple   | Lost mutation: You can translocate small distances at will. [Xom's mischief]
 13260 | Temple   | Gained mutation: You are partially covered in rough black scales (AC +4, Dex -1). [Xom's mischief]
 13260 | Temple   | Gained mutation: You are clumsy. (Dex -2) [Xom's mischief]
 13260 | Temple   | Lost mutation: You are weak. (Str -2) [Xom's mischief]
 13377 | Temple   | XOM: noise
 13873 | Temple   | XOM is BORED!
 13873 | Temple   | XOM: medium Trmt miscast
 14045 | Temple   | XOM: summons 3 hostile demons
 14046 | Temple   | Noticed an orange demon
 14167 | D:5      | Slain by an ice beast

Vault maps used:
D:1:      lightli_arrival_quake
D:2:      nicolae_overflow_hidden_temple, overflow_temple_1_default,
          first_bread, uniq_terence, uniq_jessica
D:3:      grunt_ministairs_15, dk_noncrumbling_3
D:4:      grunt_temple_overflow_lords_of_destruction, kennysheep_little_box,
          hangedman_abyss_or_decor_lesser_grid, vehumet_altar_wand_db
D:5:      kennysheep_mini_moat, minmay_temple_entry_mist, grunt_decor_clamped
Temple:   circular_temple_6

Skill      XL: |  1  2  3  4  5  6  7 |
---------------+----------------------+-----
Stealth        | 2 4 5 6 7 8 9 |  9.1
Poison Magic   | 1 2 3 |  3.5
Transmutations | 1 2 |  2.7
Unarmed Combat | 1 |  1.0
Polearms       | 1 2 |  2.4
Fighting       | |  1.0
Short Blades   | |  1.0
Dodging        | |  2.0
Evocations     | |  3.2

Action                   |  1- 3 |  4- 6 |  7- 9 || total
-------------------------+-------+-------+-------++-------
Melee: Unarmed           |    43 |    80 |       ||   123
       Trident           |       |    17 |    37 ||    54
Evoke: Wand              |     1 |     3 |    13 ||    17
 Stab: Sleeping          |     7 |     9 |       ||    16
  Eat: Chunk             |       |     5 |     4 ||     9
       Bread ration      |       |       |     5 ||     5
       Meat ration       |       |       |     2 ||     2
       Pizza             |       |       |     1 ||     1
